 Dungeon Crawl Stone Soup version 0.30-a0-691-g754fce4c43 (webtiles) character file.

Game seed: 9793329744778336696

660 rogsnak the Conjurer (level 7, -2/52 HPs)
             Began as a White Draconian Air Elementalist on Jan 20, 2023.
             Killed from afar by GimliDwarf's ghost (5 damage)
             ... with a magic dart
             ... on level 4 of the Dungeon.
             The game lasted 00:12:33 (4830 turns).

rogsnak the Conjurer (DrAE)                         Turns: 4830, Time: 00:12:33

Health: -2/52      AC:  7    Str: 10    XL:     7   Next: 30%
Magic:  13/13      EV: 12    Int: 17    God:
Gold:   195        SH:  0    Dex: 12    Spells: 9/14 levels left

rFire   . . .      SeeInvis .    y - +5 flail (heavy)
rCold   + . .      Faith    .    (no shield)
rNeg    . . .      Spirit   .    (body armour unavailable)
rPois   .          Reflect  .    (helmet restricted)
rElec   .          Harm     .    (no cloak)
rCorr   .          Rampage  .    (no gloves)
Will    .....                    w - +0 pair of boots
Stlth   ++                       (no amulet)
HPRegen 0.28/turn                p - ring of ice
MPRegen 0.13/turn                x - ring of fire

@: no status effects
A: breathe frost, AC +6, unfitting armour, cold resistance 1, cold-blooded
a: Breathe Frost


You were on level 4 of the Dungeon.
You visited 1 branch of the dungeon, and saw 4 of its levels.
You also visited: Sewer.

You collected 195 gold pieces.

Inventory:

Hand Weapons
 c - a +0 dagger
 o - a +5 antimagic dagger
 q - a +0 hand axe
 r - a +0 scimitar
 v - a +0 rapier
 y - a +5 heavy flail (weapon)
Missiles
 g - 5 poisoned darts
 k - 2 silver javelins
Armour
 w - a +0 pair of boots (worn)
Jewellery
 p - a ring of ice (left hand)
 x - a ring of fire (right hand)
Scrolls
 b - a scroll of enchant armour {unknown}
 f - 2 scrolls of fear {unknown}
 l - 2 scrolls of blinking {unknown}
 m - a scroll of identify {unknown}
 s - 2 scrolls of teleportation {unknown}
 z - a scroll of immolation {unknown}
 A - a scroll of vulnerability {unknown}
 B - a scroll of poison {unknown}
 C - a scroll of magic mapping {unknown}
Potions
 a - 2 potions of magic
 d - 4 potions of might {unknown}
 e - 2 potions of mutation {unknown}
 h - 3 potions of curing {unknown}
 i - a potion of haste {unknown}
 j - 3 potions of invisibility {unknown}
 n - 2 potions of flight {unknown}
 t - a potion of heal wounds {unknown}
 u - a potion of resistance {unknown}


   Skills:
 + Level 1.1 Fighting
 + Level 2.7 Dodging
 - Level 2.0 Stealth
 + Level 4.1 Spellcasting
 * Level 5.1 Conjurations
 + Level 4.6 Air Magic


You had 9 spell levels left.
You knew the following spells:

 Your Spells              Type           Power      Damage    Failure   Level
a - Shock                 Conj/Air       80%        1d8       1%          1
b - Airstrike             Air            9%         2d(2-18)  22%         4

Your spell library contained the following spells:

 Spells                   Type           Power      Damage    Failure   Level
 Static Discharge         Conj/Air       40%        2-4/arc   3%          2
 Swiftness                Air            19%        N/A       7%          3
 Olgreb's Toxic Radiance  Pois           3%         N/A       83%         4
 Ozocubu's Refrigeration  Ice            2%         4d8       100%        7
 Ignition                 Fire           2%         3d3       100%        8


Dungeon Overview and Level Annotations

Branches:
Dungeon (4/15)              Sewer (visited)
 Temple: D:4-7

Altars:
Dithmenos
The Shining One

Shops:
D:4 !

Annotations:
D:4 1 transporter, GimliDwarf's ghost, amateur TeCj


Innate Abilities, Weirdness & Mutations

You can breathe waves of freezing cold which knock back foes.
Your icy white scales are hard. (AC +6)
You cannot fit into any form of body armour.
Your flesh is cold resistant. (rC+)
You are cold-blooded and may be slowed by cold attacks.


Message History

You hit the wight.
The wight is heavily damaged.
The bullfrog zombie barely misses you.
GimliDwarf's ghost hits you but does no damage.
The wight barely misses you. The bullfrog zombie misses you.
The bullfrog zombie hits you. The wight barely misses you.
GimliDwarf's ghost hits you! The bullfrog zombie hits you.
You closely miss the wight.
The wight is heavily damaged.
The bullfrog zombie hits you. The bullfrog zombie closely misses you.
GimliDwarf's ghost lets out a mournful wail.
GimliDwarf's ghost hits you.
* * * LOW HITPOINT WARNING * * *
The wight misses you.
The bullfrog zombie hits you but does no damage.
The bullfrog zombie barely misses you.
GimliDwarf's ghost gestures at you while chanting.
The magic dart hits you.
* * * LOW HITPOINT WARNING * * *
The wight misses you. The bullfrog zombie closely misses you.
The bullfrog zombie misses you.
You thump the wight! You tail-slap the wight.
You destroy the wight!
The bullfrog zombie hits you but does no damage.
GimliDwarf's ghost points at you and mumbles some strange words.
The magic dart hits you.
* * * LOW HITPOINT WARNING * * *
The bullfrog zombie hits you but does no damage. x2
GimliDwarf's ghost gestures at you while chanting.
The magic dart hits you.
* * * LOW HITPOINT WARNING * * *
The bullfrog zombie barely misses you. The bullfrog zombie closely misses you.
GimliDwarf's ghost hits you.
* * * LOW HITPOINT WARNING * * *
The bullfrog zombie barely misses you.
The bullfrog zombie hits you but does no damage. x2
GimliDwarf's ghost whispers, "They're coming for you..."
GimliDwarf's ghost gestures at you while chanting.
The magic dart hits you.
You die...

#............#
#################
..............
.................
######.##.####
#####...S......# #
#.#.....#########.######...#
## #.................. #.[..
.# #.........©....... #...#
.# #...#############. #....
.# #...#.....Z.....#. #.#..
## #...#....ZW@Z...#. #.#..
# #...#..##...##..#. ..#.#
######.(.#. #8...8# .#
####.#
)........#..##...##..# #.†
.######..#.....©.....# ###
.# #..#..##...##..# #.. ##
#..#..#8...8#..# #.# #
#..#.)##...##..# #.# #
#..#...........# #∩#


You could see GimliDwarf's ghost, 2 bullfrog zombies and a centaur skeleton.

Vanquished Creatures
  Edmund (D:4)
  A wight (D:4)
  4 jellies
  An orc priest (D:3)
  Jessica (D:3)
  Natasha (twice) (D:3)
  3 orc wizards
  4 gnolls (D:3)
  5 adders
  4 river rats
  An ufetubus (D:3)
  A worm (D:2)
  A dart slug (D:2)
  6 orcs
  9 ball pythons
  11 endoplasms
  7 giant cockroaches
  3 goblins (D:1)
  3 hobgoblins
  3 jackals (D:1)
  2 kobolds
  2 quokkas (D:3)
  5 bats
  4 frilled lizards
  6 rats
90 creatures vanquished.

Notes
Turn   | Place    | Note
-------+----------+-------------------------------------------
     0 | D:1      | rogsnak the Draconian Air Elementalist began the quest for
                  | the Orb.
     0 | D:1      | Reached XP level 1. HP: 14/14 MP: 3/3
     4 | D:1      | You fall into a shaft and drop 1 floor!
   300 | D:1      | Reached XP level 2. HP: 20/20 MP: 0/5
   454 | D:1      | Found a faded altar of an unknown god.
  1008 | D:1      | Noticed a minotaur zombie
  1165 | D:2      | Reached XP level 3. HP: 26/26 MP: 1/6
  1563 | D:2      | Reached skill level 2 in Conjurations
  1785 | D:3      | Noticed Jessica
  1793 | D:3      | Killed Jessica
  1794 | D:3      | Reached XP level 4. HP: 32/33 MP: 3/7
  2006 | D:3      | Reached XP level 5. HP: 17/39 MP: 0/9
  2071 | D:3      | Reached skill level 3 in Conjurations
  2195 | D:3      | Found a glowing drain.
  2218 | Sewer    | Entered a sewer
  2359 | Sewer    | Learned a level 4 spell: Airstrike
  2698 | Sewer    | Reached XP level 6. HP: 46/46 MP: 5/10
  2700 | Sewer    | Found a viscous altar of Jiyva.
  2871 | D:3      | Noticed Natasha
  2883 | D:3      | Killed Natasha
  2884 | D:3      | Reached skill level 1 in Fighting
  3028 | D:3      | Noticed Natasha
  3034 | D:3      | Killed Natasha
  3035 | D:3      | Reached skill level 4 in Conjurations
  4142 | D:4      | Noticed Edmund
  4172 | D:4      | Killed Edmund
  4173 | D:4      | Your scales start taking on an icy white colour.
  4173 | D:4      | Reached XP level 7. HP: 9/52 MP: 0/12
  4173 | D:4      | Gained mutation: Your flesh is cold resistant. (rC+) [White
                  | Draconian growth]
  4329 | D:4      | Found Cuepadir's Distillery.
  4514 | D:4      | Found a glowing golden altar of the Shining One.
  4601 | D:4      | Found a shadowy altar of Dithmenos.
  4625 | D:4      | Reached skill level 5 in Conjurations
  4809 | D:4      | Found a transporter.
  4812 | D:4      | Found a transporter.
  4813 | D:4      | Noticed GimliDwarf's ghost (amateur TeCj)
  4830 | D:4      | Killed from afar by GimliDwarf's ghost

Illustrated notes

Levels and vault maps discovered:
D:1:      shiori_arrival_whats_in_store_for_you, layout_basic,
          shapermc_ecumenical_altar_venn, grunt_decor_junction,
          kennysheep_pointless_box
D:2:      layout_basic
D:3:      layout_basic, gup_sewer_entry_bowl, columned_hall_lemuel,
          grunt_decor_arrowhead, uniq_jessica, uniq_natasha
D:4:      layout_basic, mainiacjoe_overflow_catwalk,
          mainiacjoe_overflow_cross_hatched, serial_shops, shop,
          gammafunk_ghost_mausoleum, uniq_edmund

Skill      XL: |  1  2  3  4  5  6  7 |
---------------+----------------------+-----
Dodging        | 2 |  2.7
Conjurations   | 2 3 4 5 |  5.1
Stealth        | 2 |  2.0
Spellcasting   | 3 4 |  4.1
Air Magic      | 4 |  4.6
Fighting       | 1 |  1.1

Action                   |  1- 3 |  4- 6 |  7- 9 || total
-------------------------+-------+-------+-------++-------
Melee: Dagger            |    33 |     6 |       ||    39
       Tailslap          |     4 |     2 |     2 ||     8
       Hand axe          |       |    12 |       ||    12
       Scimitar          |       |     2 |       ||     2
       Rapier            |       |     7 |       ||     7
       Flail             |       |       |    15 ||    15
 Cast: Shock             |    53 |   119 |    15 ||   187
 Stab: Sleeping          |     3 |       |       ||     3
Armor: Skin              |    12 |    10 |    22 ||    44
Dodge: Dodged            |    23 |    38 |    31 ||    92

Table legend: (Time is in decaauts)
 A = Elapsed time spent in this place.
 B = Non-inter-level travel time spent in this place.
 C = Inter-level travel time spent in this place.
 D = Time resting spent in this place.
 E = Time spent auto-exploring this place.
 F = Levels seen in this place.
 G = Mean time per level.
                   A        B        C        D        E       F      G
               +--------+--------+--------+--------+--------+-----+--------+
         Total |   4884 |   4837 |     47 |    679 |   2467 |   5 |  976.8 |
       Dungeon |   4228 |   4181 |     47 |    397 |   2299 |   4 | 1057.0 |
         Sewer |    656 |    656 |      0 |    282 |    167 |   1 |  656.0 |
               +--------+--------+--------+--------+--------+-----+--------+

Top non-repeatable levels by time:
     D:3: 1645 daAuts
     D:1: 955 daAuts
     D:2: 817 daAuts
     D:4: 810 daAuts
   Sewer: 656 daAuts
